 Dungeon Crawl Stone Soup version 0.17-a0-2024-gc284f19 (webtiles) character file.

12 Yendor the Sneak (level 2, -6/13 HPs)
             Began as a Spriggan Enchanter on Oct 10, 2015.
             Was an Initiate of Nemelex Xobeh.
             Mangled by Punal the merfolk
             ... wielding a +3 trident of venom
             ... created by the player character
              (19 damage)
             ... on level 2 of the Dungeon.
             The game lasted 00:05:04 (903 turns).

Yendor the Sneak (Spriggan Enchanter)                Turns: 903, Time: 00:05:07

Health: -6/13      AC:  3    Str:  4    XL:     2   Next: 20%
Magic:  6/6        EV: 18    Int: 16    God:    Nemelex Xobeh [......]
Gold:   78         SH:  0    Dex: 16    Spells: 2 memorised, 3 levels left

rFire  . . .     SeeInvis +     a - +1 dagger
rCold  . . .     Clarity  .     b - +1 robe
rNeg   . . .     SustAt   .     (shield restricted)
rPois  .         Gourm    .     (helmet restricted)
rElec  .         Spirit   .     (no cloak)
rCorr  .         Warding  .     (gloves unavailable)
rMut   .         Stasis   .     (boots unavailable)
MR     .....                    (no amulet)
Stlth  +++.......               (no ring)
                                (no ring)

@: very quick, not resistant to hostile enchantments, fairly stealthy
A: unfitting armour, see invisible, herbivore 3, speed 3, slow metabolism 2
a: Renounce Religion


You were on level 2 of the Dungeon.
You worshipped Nemelex Xobeh.
Nemelex Xobeh was noncommittal.
You were not hungry.

You visited 1 branch of the dungeon, and saw 2 of its levels.

You collected 78 gold pieces.

Inventory:

Hand Weapons
 a - a +1 dagger (weapon)
Missiles
 n - 15 arrows
Armour
 b - a +1 robe (worn)
Jewellery
 e - an uncursed ring of sustain attributes {unknown}
 i - an uncursed ring of stealth {unknown}
Scrolls
 h - a scroll of enchant armour {unknown}
Potions
 g - a potion of curing
Books
 c - a book of Maledictions

   Spells                             Type                      Level
   a - Corona                         Hexes                        1
   b - Ensorcelled Hibernation        Hexes/Ice                    2
   c - Confuse                        Hexes                        3
   d - Tukima's Dance                 Hexes                        3
   e - Dazzling Spray                 Conjuration/Hexes            3
Miscellaneous
 f - a plain deck of wonders {drawn: 3}
Comestibles
 d - 3 bread rations
 l - 2 fruits


   Skills:
 + Level 1.2 Short Blades
 + Level 3.2 Dodging
 + Level 5.1 Stealth
 * Level 2.6 Spellcasting
 + Level 3.8 Hexes


You had 3 spell levels left.
You knew the following spells:

 Your Spells              Type           Power        Failure   Level  Hunger
a - Corona                Hex            ##.....      4%          1    #......
b - Ensorcelled Hibernat  Hex/Ice        #.....       14%         2    ##.....


Dungeon Overview and Level Annotations

Branches:
Dungeon (2/15)

Altars:
Nemelex Xobeh
Vehumet


Innate Abilities, Weirdness & Mutations

You are tiny and cannot use many weapons and most armour.
You have supernaturally acute eyesight.
You are a herbivore.
You cover ground extremely quickly.
You need consume almost no food.


Message History

The kobold throws a stone.
The stone completely misses you.
Evoke which item? (* to show all) (? for menu, Esc to quit)
You draw a card...
It is the Mercenary.
This is a plain deck of wonders {drawn: 2}.
You cannot afford Punal's fee of 308 gold!
Punal attacks!
Punal the merfolk comes into view. It is wielding a trident of venom.
The kobold throws a stone.
The stone closely misses you.
The stone barely misses Punal.
Read which item? (? for menu, Esc to quit)
Okay, then.
Evoke which item? (* to show all) (? for menu, Esc to quit)
You draw a card...
It is Wild Magic.
Distant voices call out to Punal!
The quokka twitches violently.
The kobold looks momentarily confused.
You feel a surge of magic.
Punal hits you from afar with a trident of venom!!
Ouch! That really hurt!
You die...
Your body disappears without a glow.

........#
.......>#
........#
........#
..g...!.#
......gK#
.######.#
#r# #@# #.#
#m#
##+######(#
#.........#
#.........#
#....)....#
#.........#
#.........#


You could see Punal the merfolk, a quokka, a hobgoblin and a kobold.

Vanquished Creatures
  2 giant cockroaches (D:1)
  3 goblins
  A giant gecko (D:1)
  3 giant newts (D:1)
  5 rats (D:1)
14 creatures vanquished.

Notes
Turn   | Place    | Note
--------------------------------------------------------------
     0 | D:1      | Yendor the Spriggan Enchanter began the quest for the Orb.
     0 | D:1      | Reached XP level 1. HP: 9/9 MP: 5/5
   222 | D:1      | Reached XP level 2. HP: 13/13 MP: 6/6
   245 | D:1      | Learned a level 2 spell: Ensorcelled Hibernation
   481 | D:1      | Reached skill level 5 in Stealth
   757 | D:1      | Found a radiant altar of Vehumet.
   785 | D:2      | Found a sparkling altar of Nemelex Xobeh.
   825 | D:2      | Became a worshipper of Nemelex Xobeh the Trickster
   902 | D:2      | Noticed Punal
   903 | D:2      | Mangled by Punal the merfolk

Vault maps used:
D:1:      dpeg_arrival_water_altar
D:2:      nemelex_deck

Action                   || total
-------------------------++-------
Melee: Dagger            ||    29
 Cast: Corona            ||     2
       Ensorcelled Hiber ||     4
Evoke: Deck              ||     3
  Use: Potion            ||     5
       Scroll            ||     1
 Stab: Sleeping          ||     9
